Map: Ever Dream LE

Players

TLHarstem (Harstem) - Winner!

  • Race: Protoss Protoss
  • League: Master
  • Spawn Location: 7:00

A.I. 1 (Very Easy)

  • Race: Zerg Zerg
  • Spawn Location: 1:00

VOD

https://www.youtube.com/watch?v=zGRp-AtOClE

Description

Time

  • Played on: June 8, 2020, 12:55 a.m.
  • Length: 6:03
Show
View Real Time Build Order
Export as new Build Order

TLHarstem Protoss - Winner!

Build Orders: 1 Gate Expand, Zealot Archon, Archon Drop, Dark Templar Rush 

Get SALT Encoding   

  12  0:01  Probe  
  13  0:13  Pylon  
  13  0:18  Probe (Chrono Boost)  
  14  0:28  Probe (Chrono Boost)  
  15  0:33  Probe (Chrono Boost)  
  16  0:38  Gateway  
  16  0:45  Probe  
  16  0:49  Assimilator  
  18  0:57  Probe  
  18  1:09  Probe  
  19  1:21  Probe  
  20  1:27  Nexus  
  20  1:34  Cybernetics Core  
  20  1:38  Probe  
  21  1:42  Assimilator  
  21  1:50  Probe  
  21  1:52  Pylon  
  22  2:02  Probe  
  23  2:09  Adept (Chrono Boost)  
  23  2:12  Warp Gate  
  23  2:14  Probe  
  26  2:23  Twilight Council  
  26  2:26  Probe  
  26  2:29  Stalker (Chrono Boost)  
  29  2:38  Probe  
  29  2:39  Probe  
  31  2:51  Probe x2  
  33  2:52  Robotics Facility  
  33  3:03  Gateway, Probe  
  34  3:06  Probe  
  35  3:15  Probe  
  35  3:18  Dark Shrine, Probe  
  37  3:22  Adept  
  39  3:27  Probe  
  39  3:29  Gateway  
  40  3:36  Warp Prism (Chrono Boost)  
  42  3:43  Pylon  
  42  3:45  Probe  
  42  3:48  Probe  
  44  3:58  Probe  
  44  4:00  Probe  
  44  4:01  Adept x2  
  50  4:03  Pylon  
  50  4:10  Probe  
  50  4:11  Assimilator  
  50  4:12  Probe  
  50  4:13  Pylon  
  52  4:22  Probe  
  54  4:24  Probe  
  54  4:34  Probe  
  54  4:35  Dark Templar  
  54  4:36  Dark Templar  
  59  4:39  Dark Templar  
  61  4:46  Nexus  
  61  4:47  Probe  
  61  4:49  Pylon  
  62  4:56  Probe, Observer (Chrono Boost)  
  62  4:58  Assimilator  
  64  5:02  Probe  
  65  5:09  Forge  
  65  5:10  Archon, Dark Templar  
  69  5:14  Probe  
  69  5:16  Archon, Pylon, Immortal (Chrono Boost)  
  69  5:19  Probe (Chrono Boost)  
  74  5:29  Pylon  
  74  5:30  Probe (Chrono Boost)  
  74  5:31  Probe (Chrono Boost)  
  75  5:39  Probe (Chrono Boost)  
  75  5:41  Probe (Chrono Boost)  
  77  5:46  Probe  
Show
View Real Time Build Order
Export as new Build Order

A.I. 1 (Very Easy) Zerg 

Build Orders: Pool Only 

Get SALT Encoding   

  12  0:01  Drone  
  13  0:12  Overlord  
  13  0:16  Drone  
  14  0:35  Spawning Pool  
  13  0:37  Extractor  
  13  0:40  Drone  
  13  0:47  Drone  
  14  0:53  Overlord  
  14  1:22  Zergling x2  
  14  1:24  Queen  
  17  1:31  Roach Warren  
  16  1:35  Drone  
  16  1:39  Extractor  
  16  1:43  Drone  
  17  1:50  Zergling x2  
  18  2:02  Drone  
  19  2:10  Drone  
  20  2:17  Zergling x2  
  20  2:18  Drone  
  22  2:29  Overlord  
  22  2:32  Drone  
  23  2:39  Drone  
  26  2:44  Roach  
  26  2:46  Drone  
  25  4:46  Drone  
  25  4:50  Zergling x2  
  18  4:53  Drone  
  13  5:00  Drone  
  11  5:07  Drone  
  12  5:15  Drone  
  12  5:17  Zergling x2  
  14  5:22  Drone  
  15  5:29  Drone  
  15  5:37  Drone  
  12  5:44  Drone, Zergling x2  
Tags
 
Add a new tag
Caveats
  • Supply blocks, unpowered buildings, or Contaminate may cause inaccurate times.
  • Supply counts are checked every 10 seconds.